 Dungeon Crawl Stone Soup version 0.25-a0-503-ge281fa673e (webtiles) character file.

Game seed: 10275021793155804155, levelgen mode: deterministic

103 kae the Ducker (level 4, 0/34 HPs)
             Began as a Demonspawn Gladiator on Feb 13, 2020.
             Slain by a white imp (1 damage)
             ... summoned by Natasha
             ... on level 2 of the Dungeon.
             The game lasted 00:01:39 (2352 turns).

kae the Ducker (Demonspawn Gladiator)               Turns: 2352, Time: 00:01:39

Health: 0/34       AC:  4    Str: 14 (15) XL:     4   Next: 51%
Magic:  4/4        EV: 15    Int:  6 (9)  God:
Gold:   61         SH:  0    Dex: 14 (15) Spells: 3/3 levels left

rFire    . . .     SeeInvis .     - Unarmed
rCold    . . .     Gourm    .   (no shield)
rNeg     . . .     Faith    .   a - +0 leather armour
rPois    .         Spirit   .   b - +0 helmet
rElec    .         Reflect  .   (no cloak)
rCorr    .         Harm     .   (no gloves)
MR       .....                  (no boots)
Stlth    +.........             (no amulet)
HPRegen  0.11/turn              (no ring)
MPRegen  0.09/turn              (no ring)

@: slowed, very slow
A: repulsion field 1, spiny 1
a: no special abilities


You were on level 2 of the Dungeon.
You were hungry.

You visited 1 branch of the dungeon, and saw 2 of its levels.

You collected 61 gold pieces.

Inventory:

Missiles
 c - 3 throwing nets (quivered)
Armour
 a - a +0 leather armour (worn)
 b - a +0 helmet (worn)
Scrolls
 i - a scroll of fear
Potions
 e - a potion of invisibility
 g - a potion of might {unknown}
 l - a potion of curing {unknown}
 n - a potion of flight {unknown}
Comestibles
 d - 3 rations


   Skills:
 + Level 2.9 Fighting
 + Level 2.6 Throwing
 + Level 3.3 Dodging
 + Level 3.3 Unarmed Combat


You had 3 spell levels left.
You didn't know any spells.
Your spell library was empty.

Dungeon Overview and Level Annotations

Branches:
Dungeon (2/15)

Altars:

Annotations:
D:2 Natasha


Innate Abilities, Weirdness & Mutations

You are surrounded by a mild repulsion field. (EV +2)
You are partially covered in sharp spines.


Message History

You hit Natasha.
Natasha is almost dead.
The white imp grinds its teeth.
The white imp is struck by your spines. The white imp barely misses you.
Natasha stares at you and mumbles some strange words.
You resist with some effort.
The white imp grinds its teeth.
It was a potion of degeneration.
There was something very wrong with that liquid.
You feel weakened.
You feel dopey.
You feel clumsy. The white imp misses you. Natasha casts a spell at you.
You feel yourself slow down.
You hit Natasha but do no damage.
Natasha is severely wounded.
The white imp closely misses you. Natasha casts a spell at you.
You feel as though you will be slow longer.
The white imp hits you.
You die...

###.###### ####...##### ......#
#........... ###.#.###
#####.#.##### ##......#
#........# ##......# #.###.#..#
##......# #.###....# ##......#
#.##.....#
##......#######.##5....######.
##...)..'.......@h5...........
##......########5#.....######..
##......# #.#<............
##......# #.#.###..#####..
#......# #.#.# #..## ..
###.############.#.# #...# .#
....# #.......#.# ##..##.#
....# #.......#.# #...#.# ..(.#
+.).....#.#####..#.#


You could see Natasha, a crimson imp and 2 white imps.

Vanquished Creatures
  Natasha (D:2)
  2 adders (D:2)
  2 worms (D:2)
  2 dart slugs (D:1)
  4 leopard geckos
  A giant cockroach (D:1)
  5 goblins
  8 hobgoblins
  2 jackals (D:1)
  5 bats
  4 frilled lizards
  5 kobolds
  6 rats
47 creatures vanquished.

Notes
Turn   | Place    | Note
-------+----------+-------------------------------------------
     0 | D:1      | kae the Demonspawn Gladiator began the quest for the Orb.
     0 | D:1      | Reached XP level 1. HP: 16/16 MP: 1/1
   341 | D:1      | Gained mutation: You are surrounded by a mild repulsion
                  | field. (EV +2) [demonic ancestry]
   341 | D:1      | Reached XP level 2. HP: 19/22 MP: 2/2
   814 | D:1      | Reached XP level 3. HP: 10/28 MP: 3/3
  1814 | D:2      | Gained mutation: You are partially covered in sharp spines.
                  | [demonic ancestry]
  1814 | D:2      | Reached XP level 4. HP: 23/34 MP: 4/4
  1909 | D:2      | Noticed Natasha
  1919 | D:2      | Killed Natasha
  2334 | D:2      | Noticed Natasha
  2349 | D:2      | HP: 1/34 [white imp/puff of frost[Natasha] (9)]
  2352 | D:2      | Slain by a white imp

Levels and vault maps discovered:
D:1:      ncdulo_lavacross, layout_basic, serial_rivers,
          chequers_serial_rivers_marsh, chequers_serial_rivers_small_a,
          chequers_serial_rivers_room_b, chequers_serial_rivers_marsh,
          chequers_serial_rivers_room_a, chequers_serial_rivers_micro_b
D:2:      layout_basic, kennysheep_generic_room_13, uniq_natasha

Skill      XL: |  1  2 |
---------------+-------+-----
Throwing       | 2 |  2.6
Unarmed Combat | 3 |  3.3
Dodging        | 3 |  3.3
Fighting       | |  2.9

Action                   |  1- 3 |  4- 6 || total
-------------------------+-------+-------++-------
Melee: Unarmed           |   205 |    30 ||   235
       Punch             |     3 |       ||     3
  Use: Scroll            |     4 |       ||     4
       Potion            |       |     1 ||     1
 Stab: Sleeping          |     1 |       ||     1
  Eat: Chunk             |     3 |     1 ||     4
Armor: Leather armour    |    47 |     2 ||    49
Dodge: Dodged            |   149 |    16 ||   165

Table legend:
 A = Non-vault XP
 B = Vault XP
 C = Vault XP percentage of total XP
 D = Non-vault monster count
 E = Vault monster count
 F = Vault count percentage of total count
                 A         B        C        D         E       F
            +---------+---------+-------+---------+---------+-------
      Total |     112 |      36 |  24.3 |      46 |       1 |   2.1
            +---------+---------+-------+---------+---------+-------
        D:1 |      45 |       0 |   0.0 |      25 |       0 |   0.0
        D:2 |      67 |      36 |  35.0 |      21 |       1 |   4.5
            +---------+---------+-------+---------+---------+-------
